Electro, lawful female human Valkyrie ---- |..| --..--- |.....| |...@.- |....H.. |.......- ---....... --....... |....... -------).... ......<).... --..-------- ---- Electro the Fighter Experience level: 9 Strength: 18 Dexterity: 13 Constitution: 18 Intelligence: 13 Wisdom: 11 Charisma: 9 Health: 0(91) Energy: 33(33) Def: 11 Gold: 103 Moves: 3473 Dungeon seed: k9Gi8c7I9H3ZxcY0 Game ID: Electro_1672908961 Your Inventory: Coins $ - 103 gold pieces Amulets T - an uncursed amulet of unchanging Weapons a - the blessed rustproof +1 Excalibur (weapon in hand) Armor e - an uncursed +3 small shield (being worn) n - an uncursed +0 pair of low boots r - an uncursed +0 splint mail (being worn) y - an uncursed +0 elven leather helm (being worn) z - an uncursed +0 mummy wrapping Comestibles c - an uncursed food ration i - an uncursed carrot O - a cursed tin of giant rat meat Potions k - a potion of unholy water H - an uncursed potion of hallucination K - a cursed potion of extra healing Rings N - an uncursed +1 ring of protection S - an uncursed ring of conflict Wands m - a wand of magic missile (0:4) q - a wand of fire (0:3) P - a wand of striking (0:0) R - a wand of light (0:11) Tools d - a magic flute (0:7) g - an uncursed lock pick x - a blessed tallow candle (0:200) D - an uncursed tallow candle (0:200) E - an uncursed magic whistle I - an uncursed oil lamp (lit) (0:851) J - an uncursed oil lamp (0:1029) L - an uncursed tin whistle Gems Q - an uncursed jasper stone Y - an uncursed worthless piece of orange glass Spells and supernatural/magical abilities: Name Level Category Fail Memory l - light 1 divination 100% 97% W - pray for help -- divine ? -- Your skills at the end: Fighting Skills Weapon Skills dagger [Basic] long sword [Skilled] Spellcasting Skills Final Attributes: You were piously aligned. You were cold resistant. You were poison resistant. You were level-drain resistant. You had automatic searching. You were stealthy. You were fast. You were unlucky. You are dead. Vanquished creatures: 12 black puddings a giant mimic a large mimic an ochre jelly a Grey-elf a watchman an incubus a winter wolf cub a lynx a panther 2 giant spiders 3 gnome kings a dog a housecat a blue jelly a dust vortex a human zombie 2 Woodland-elves 2 fire ants a water nymph 2 rock piercers a yellow light a shrieker 5 gnome lords 4 gnomish wizards a kobold mummy a straw golem 2 kittens 2 kobold shamans a centipede an orc zombie an iguana a hobgoblin 2 yellow molds a red mold 28 gnomes 3 jackals 2 foxes 2 kobolds a goblin a sewer rat a grid bug 2 lichens 3 kobold zombies 5 newts 110 creatures vanquished. Voluntary challenges: You used a wielded weapon 154 times, starting on turn 162. You read items or engraved 9 times, starting on turn 515. You never genocided any monsters. You never polymorphed an object. You never changed form. You used no wishes. You split 11 puddings, starting on turn 596. You wrote Elbereth's name 2 times, starting on turn 2317. You violated your moral code, losing 16 points of alignment, starting on turn 3085. Dungeon overview: The Dungeons of Doom: levels 1 to 3 Level 1 a fountain a long staircase Level 2 a sink Level 3 an armor shop, a fountain stairs to The Gnomish Mines The Gnomish Mines: levels 4 to 9 Level 4 stairs to The Dungeons of Doom Level 5 Level 7 many shops, a temple to Loki, some fountains Level 8 Level 9 <- You were here History has recorded: On T:1 you entered the Dungeons of Doom to retrieve the Amulet of Yendor! On T:481 you advanced to experience level 2. On T:509 you reached level 2 of The Dungeons of Doom. On T:600 you advanced to experience level 3. On T:614 you advanced to experience level 4. On T:620 you advanced to experience level 5. On T:868 you advanced to experience level 6. On T:1144 you advanced to experience level 7. On T:1248 you advanced to experience level 8. On T:1424 you reached level 3 of The Dungeons of Doom. On T:1893 you reached level 1 of The Gnomish Mines. On T:2064 you reached level 2 of The Gnomish Mines. On T:2460 you reached level 4 of The Gnomish Mines. On T:2655 you advanced to experience level 9. On T:3267 you reached level 5 of The Gnomish Mines. On T:3450 you reached level 6 of The Gnomish Mines. Score breakdown: Gold: 103 ( 6861 points) Experience: 9 levels (15756 points) Exploration: 9 levels ( 18.75%) (12377 points) Discoveries: 20 items ( 8.13%) ( 8553 points) Valuables value: (no points given unless you survive) Artifact value: 4000 (12253 points) Variety of kills: 45 monsters ( 11.81%) (10310 points) Turncount: 3473 turns ( -816 points) Survival: died (score multiplied by 80%) Total score: 52235 Latest messages: You don't have that object. Never mind. You see here 3 cursed daggers. You hit the gnome lord! The gnome lord escapes upstairs! You stop exploring. A gnome blocks your way. You kill the gnome! There are a few objects here. You stop exploring. You hit the minotaur! The minotaur hits! (2x) The minotaur butts! The minotaur hits! (2x) The minotaur butts! Never mind. You begin praying to Tyr. The minotaur hits! (2x) You die... Final status: Farvel Electro the Valkyrie, killed by a minotaur, while praying... You died in The Gnomish Mines on dungeon level 9 with 52235 points, and 103 pieces of gold, after 3473 moves. You were level 9 with a maximum of 91 hit points when you died.